AoeStats
← Dom&Benito

Hideout

509750587Analyzed
1v1 RM · 3d ago on Sep 27, 2026· 40m 11s· 2 players
Game mode
Random Map
Map size
Tiny (2 player)
Population
200
Speed
Normal
Resources
Standard
Victory
Conquest
Starting age
Dark Age
Ending age
Imperial Age
RankedLock teamsTeams togetherTeam positionsShared explorationLock speedFull tech treeHidden civsTurbo modeCheats
Victory
Defeat
🇨🇦 Varangians · Canada
1269
+15
🇨🇦 Khmer · Canada
1252
-15
Dom&Benito
10:31 Feudal Age
11:03 Double-Bit Axe
10:59 Horse Collar
12:14 Loom
19:23 Castle Age
19:29 Scale Barding Armor
19:35 Forging
20:06 Bloodlines
21:06 Bow Saw
21:41 Heavy Plow
21:59 Light Cavalry
25:49 Sanctity
27:57 Husbandry
28:52 Fletching
29:54 Fervor
33:11 Wheelbarrow
32:22 Town Watch
34:11 Bodkin Arrow
37:21 Imperial Age
35:51 Chain Barding Armor
37:01 Ballistics
38:37 Conscription
38:19 Double Crossbow
Attack What
8:24 Loom
10:24 Feudal Age
14:18 Castle Age
13:06 Double-Bit Axe
13:02 Horse Collar
15:19 Loom
24:14 Scale Barding Armor
24:51 Forging
26:45 Wheelbarrow
26:32 Gambesons
26:49 Squires
26:35 Arson
29:09 Scale Mail Armor
33:06 Imperial Age
31:09 Hand Cart
32:25 Chain Mail Armor
33:03 Bow Saw
32:54 Heavy Plow
33:28 Gothikon
34:30 Conscription
34:37 Conscription
34:10 Elite Varangian Guard
35:22 Plate Mail Armor
36:03 Iron Casting
Connection lost

Rejoining the realm…

Still unreachable

The connection could not be restored.

Session expired

The server has moved on; the page needs a fresh start.